 Seeded DCSS version 0.32-a0-975-g85d4e5bfdb (webtiles) character file.

Game seed: 202404184 (custom seed)

48 Orlauf the Slasher (level 3, 0/28 HPs)
             Began as a Demonspawn Gladiator on Apr 18, 2024.
             Succumbed to an adder's poison
             ... on level 2 of the Dungeon.
             The game lasted 00:01:38 (916 turns).

Orlauf the Slasher (Demonspawn Gladiator)            Turns: 916, Time: 00:01:39

Health: 0/28       AC:  7    Str: 16    XL:     3   Next: 50%
Magic:  3/3        EV:  9    Int:  8    God:
Gold:   50         SH:  0    Dex: 14    Spells: 2/2 levels left

rFire   . . .        a - +0 long sword
rCold   . . .        (no shield)
rNeg    . . .        j - +0 scale mail
rPois   .            c - +0 helmet
rElec   .            (no cloak)
rCorr   .            (no gloves)
SInv    .            (no boots)
Will    .....        (no amulet) Stlth
                     (no ring)
HPRegen 0.24/turn    (no ring)
MPRegen 0.08/turn

%: no passive effects
@: lethally poisoned (0 -> -3)
A: ignite blood 1
a: no special abilities


You were on level 2 of the Dungeon.
You visited 1 branch of the dungeon, and saw 2 of its levels.

You collected 50 gold pieces.

Inventory:

Hand Weapons
 a - a +0 long sword (weapon)
 b - a +2 dagger of speed
Missiles
 d - 3 throwing nets (quivered)
 e - a javelin
Armour
 c - a +0 helmet (worn)
 h - a +0 leather armour
 j - a +0 scale mail (worn)
Scrolls
 g - a scroll of amnesia


   Skills:
 + Level 2.7 Fighting
 * Level 3.7 Long Blades
 - Level 1.7 Throwing
 - Level 2.6 Dodging


You had 2 spell levels left.
You didn't know any spells.
Your spell library contained the following spells:

 Spells                   Type           Power      Damage    Failure   Level
 Jinxbite                 Hex            0%         N/A       94%         2
 Scorch                   Fire           0%         2d5       94%         2
 Flame Wave               Conj/Fire      0%         2d4       100%        4
 Yara's Violent Unravell  Hex/Alch       0%         3d3       100%        5
 Summon Cactus Giant      Summ           0%         N/A       100%        6
 Enfeeble                 Hex            0%         N/A       100%        7


Dungeon Overview and Level Annotations

Branches:
Dungeon (2/15)

Altars:


Innate Abilities, Weirdness & Mutations

Your demonic aura sometimes causes spilled blood to erupt in flames.


Message History

You are too injured to fight recklessly!
You are too injured to fight recklessly!
You feel sick.
You are too injured to fight recklessly!
You barely miss the adder.
You feel sick. The adder bites you but does no damage.
The adder completely misses you.
You aren't carrying any potions.
You completely miss the adder.
You feel sick.
You are no longer poisoned.
The adder barely misses you.
You miss the adder. The adder bites you but does no damage.
The adder closely misses you.
You miss the adder. The adder bites you.
* * * LOW HITPOINT WARNING * * *
Okay, then.
You hit the adder.
The adder is heavily wounded.
The adder closely misses you. The adder completely misses you.
You miss the adder.
The adder is heavily wounded.
The adder bites you.
* * * LOW HITPOINT WARNING * * *
You are lethally poisoned!
The adder poisons you!
You barely miss the adder.
The adder is heavily wounded.
* * * LOW HITPOINT WARNING * * *
You feel sick. The adder barely misses you.
The adder bites you but does no damage.
Unknown command.
You aren't carrying any potions.
As you read the scroll labelled ESSIGALUCHU, it crumbles to dust.
It is a scroll of identify.
You don't currently have any unidentified items.
* * * LOW HITPOINT WARNING * * *
You feel sick. The adder bites you.
* * * LOW HITPOINT WARNING * * *
You closely miss the adder.
The adder is heavily wounded.
You die...

.. .. ##'##### ......#
#....# #..rJ# .# #Kg#
..#..
####+####S###+###.##...
#≈≈≈g≈≈≈#@>............
#≈~≈≈≈~~#..............
#~..~~.~#..............
#.......#..)...........
#.......##............#
###.......#'.>..........#
#..........)............#
#)##########............#
#...# #............#


You could see an adder, an endoplasm, a goblin, a kobold and a rat.

Vanquished Creatures
  2 adders (D:2)
  A dart slug (D:2)
  A ribbon worm (D:2)
  2 endoplasms
  A giant cockroach (D:1)
  6 goblins
  2 hobgoblins
  4 kobolds
  A quokka (D:2)
  A bat (D:2)
  3 frilled lizards (D:1)
  A rat (D:1)
25 creatures vanquished.

Notes
Turn   | Place    | Note
-------+----------+-------------------------------------------
     0 | D:1      | Orlauf the Demonspawn Gladiator began the quest for the
                  | Orb.
     0 | D:1      | Reached XP level 1. HP: 16/16 MP: 1/1
   301 | D:1      | Reached skill level 3 in Long Blades
   342 | D:1      | Gained mutation: Your demonic aura sometimes causes spilled
                  | blood to erupt in flames. [demonic ancestry]
   342 | D:1      | Reached XP level 2. HP: 22/22 MP: 2/2
   598 | D:2      | Reached XP level 3. HP: 27/28 MP: 3/3
   915 | D:2      | HP: 1/28 [adder (2)]
   916 | D:2      | Succumbed to an adder's poison

Illustrated notes

Levels and vault maps discovered:
D:1:      dpeg_arrival_concentric_ovals, layout_basic
D:2:      layout_basic, minivault_25, minmay_goblin_outpost

Skill      XL: |  1 |
---------------+----+-----
Long Blades    | 3 |  3.7
Fighting       | |  2.7
Throwing       | |  1.7
Dodging        | |  2.6

Action                     || total
---------------------------++-------
  Melee: Long sword        ||   105
    Use: Scroll            ||     4
   Stab: Sleeping          ||     1
 Armour: Leather armour    ||    25
         Scale mail        ||    62
  Dodge: Dodged            ||    63

Table legend: (Time is in decaauts)
 A = Elapsed time spent in this place.
 B = Non-inter-level travel time spent in this place.
 C = Inter-level travel time spent in this place.
 D = Time resting spent in this place.
 E = Time spent auto-exploring this place.
 F = Levels seen in this place.
 G = Mean time per level.
                   A        B        C        D        E       F      G
               +--------+--------+--------+--------+--------+-----+--------+
         Total |    939 |    919 |     20 |     99 |    549 |   2 |  469.5 |
       Dungeon |    939 |    919 |     20 |     99 |    549 |   2 |  469.5 |
               +--------+--------+--------+--------+--------+-----+--------+

Top non-repeatable levels by time:
     D:1: 536 daAuts
     D:2: 403 daAuts
